 Dungeon Crawl Stone Soup version 0.31.0-12-g77e489cdc1 (webtiles) character file.

Game seed: 8353668463381931253

495 Gadfly the Sneak (level 6, -8/30 HPs)
             Began as a Spriggan Enchanter on Feb 16, 2024.
             Mangled by a black bear (10 damage)
             ... on level 4 of the Dungeon.
             The game lasted 00:05:30 (2579 turns).

Gadfly the Sneak (Spriggan Enchanter)               Turns: 2579, Time: 00:05:31

Health: -8/30      AC:  4    Str:  4    XL:     6   Next: 92%
Magic:  21/22      EV: 19    Int: 16    God:
Gold:   237        SH:  0    Dex: 18    Spells: 4/13 levels left

rFire   . . .        b - +4 dagger of the Ass {elec, rN+}
rCold   . . .        (no shield)
rNeg    + . .        h - +2 robe
rPois   +            (helmet restricted)
rElec   .            (no cloak)
rCorr   .            (gloves unavailable)
SInv    +            (boots unavailable)
Will    +....        j - amulet of magic regeneration
Stlth   +++          m - ring of magical power
HPRegen 0.25/turn    f - ring of poison resistance
MPRegen 0.58/turn

%: no passive effects
@: very quick
A: very small, no large weapons, unfitting armour, see invisible, speed 3
a: no special abilities


You were on level 4 of the Dungeon.
You visited 1 branch of the dungeon, and saw 4 of its levels.

You collected 237 gold pieces.

Inventory:

Hand Weapons
 a - a +2 dagger
 b - the +4 dagger of the Ass (weapon) {elec, rN+}
   (You found it on level 4 of the Dungeon)

   rN+:       It protects you from negative energy.
Armour
 h - a +2 robe (worn)
Jewellery
 d - a ring of protection from fire
 f - a ring of poison resistance (right hand)
 j - an amulet of magic regeneration (around neck)
 l - a +4 ring of protection
 m - a ring of magical power (left hand)
Potions
 c - 2 potions of invisibility
 e - a potion of lignification {unknown}
 g - a potion of brilliance {unknown}
 i - a potion of might {unknown}
 k - a potion of curing {unknown}
 n - a potion of haste {unknown}


   Skills:
 + Level 2.1 Fighting
 + Level 3.1 Short Blades
 + Level 4.3 Dodging
 + Level 6.0 Stealth
 + Level 4.1 Spellcasting
 + Level 4.8 Hexes
 + Level 3.2 Evocations


You had 4 spell levels left.
You knew the following spells:

 Your Spells              Type           Power      Damage    Failure   Level
a - Slow                  Hex            72%        N/A       2%          1
b - Ensorcelled Hibernat  Hex/Ice        22%        N/A       10%         2
c - Confusing Touch       Hex            18%        N/A       7%          3
d - Tukima's Dance        Hex            18%        N/A       7%          3

Your spell library contained the following spells:

 Spells                   Type           Power      Damage    Failure   Level
 Sigil of Binding         Hex            18%        N/A       7%          3
 Foxfire                  Conj/Fire      12%        2x1d4     17%         1
 Dazzling Flash           Conj/Hex       22%        N/A       19%         3
 Ozocubu's Armour         Ice            3%         N/A       45%         3
 Teleport Other           Tloc           3%         N/A       45%         3
 Vampiric Draining        Necr           3%         2d6       45%         3
 Volatile Blastmotes      Fire/Tloc      6%         2d10      45%         3
 Dimensional Bullseye     Hex/Tloc       5%         N/A       52%         4
 Iskenderun's Mystic Bla  Conj/Tloc      3%         2d3       86%         4
 Metabolic Englaciation   Hex/Ice        5%         N/A       86%         5
 Summon Mana Viper        Hex/Summ       11%        N/A       86%         5
 Plasma Beam              Fire/Air       1%         2x1d11    100%        6
 Sculpt Simulacrum        Ice/Alch       1%         N/A       100%        6
 Starburst                Conj/Fire      1%         6d3       100%        6
 Enfeeble                 Hex            9%         N/A       100%        7


Dungeon Overview and Level Annotations

Branches:
Dungeon (4/15)             Temple (0/1) D:4

Altars:


Innate Abilities, Weirdness & Mutations

You are very small and have problems with some larger weapons.
You are too small for most types of armour.
You have supernaturally acute eyesight. (SInv)
You cover ground extremely quickly. (Speed+++)


Message History

You hit the black bear.
Lightning courses through the black bear!
The black bear is severely wounded.
The black bear barely misses you. The black bear completely misses you.
The black bear barely misses you.
You barely miss the black bear.
The black bear is severely wounded.
The black bear bites you. The black bear barely misses you.
The black bear claws you.
You hit the black bear.
The black bear is severely wounded.
The black bear goes berserk!
The ball python closely misses you. The ball python completely misses you.
You closely miss the black bear.
The black bear is severely wounded.
The black bear bites you! The black bear misses you. x2
The ball python misses you. x2
There are monsters nearby!
There are monsters nearby!
There are monsters nearby!
You are too injured to fight recklessly!
You are too injured to fight recklessly!
You are too injured to fight recklessly!
Casting: Ensorcelled Hibernation (safe; 10% risk of failure)
Confirm with . or Enter, or press ? or * to list all spells.
Aiming: Ensorcelled Hibernation (safe; 10% risk of failure)
Press: ? - help, Shift-Dir - straight line, f - ball python
Aim: a ball python (chance to affect: 62%)
The ball python resists with significant effort.
The black bear closely misses you. The black bear completely misses you.
The black bear closely misses you. The ball python barely misses you.
The ball python grabs you. The ball python constricts you.
The black bear closely misses you. The black bear claws you.
* * * LOW HITPOINT WARNING * * *
The black bear claws you.
* * * LOW HITPOINT WARNING * * *
You escape the ball python's grasp.
The black bear attacks as it pursues you!
The black bear bites you!
You die...

......####.......# ......
..##.......##.##.##......
###....###.###)..........
.....### #.##............
.......###.....##........
........##....##..#......
........##.#####..##.....
..†...#....# #.....#.....
....###......#..@..#.....
....# ...#...)..h......#
#..... .####...S........
#.#.... #............
..#..## #............ ..
..# #....8.8.8...
#....⌠.⌠.⌠...
...........##
...#....>..##


You could see a black bear (berserk) and a ball python.

Vanquished Creatures
  Grinder (D:3)
  Sigmund (D:3)
  A howler monkey (D:3)
  3 gnolls (D:3)
  4 adders
  2 ball pythons
  9 endoplasms
  7 goblins
  2 hobgoblins
  2 jackals (D:3)
  2 quokkas
  4 bats
  A frilled lizard (D:2)
  A kobold (D:3)
  5 rats
45 creatures vanquished.

Notes
Turn   | Place    | Note
-------+----------+-------------------------------------------
     0 | D:1      | Gadfly the Spriggan Enchanter began the quest for the Orb.
     0 | D:1      | Reached XP level 1. HP: 9/9 MP: 5/5
   473 | D:1      | Found a faded altar of an unknown god.
   635 | D:1      | Identified a scroll of acquirement
   735 | D:1      | Acquired Gadfly's Thoughts on Correspondence and
                  | Spellbinding
   739 | D:1      | Learned a level 1 spell: Slow
   836 | D:2      | Reached XP level 2. HP: 11/14 MP: 4/6
   839 | D:2      | Learned a level 2 spell: Ensorcelled Hibernation
  1254 | D:2      | Reached skill level 1 in Evocations
  1483 | D:3      | Noticed Sigmund
  1556 | D:3      | Reached XP level 3. HP: 7/17 MP: 8/8
  1611 | D:3      | Killed Sigmund
  1612 | D:3      | Reached skill level 1 in Fighting
  1612 | D:3      | Reached skill level 5 in Stealth
  1612 | D:3      | Reached XP level 4. HP: 22/22 MP: 7/10
  1612 | D:3      | Reached XP level 5. HP: 25/25 MP: 7/11
  1755 | D:3      | Learned a level 3 spell: Confusing Touch
  1759 | D:3      | Learned a level 3 spell: Tukima's Dance
  2153 | D:3      | Noticed Grinder
  2164 | D:3      | Killed Grinder
  2165 | D:3      | Reached XP level 6. HP: 22/30 MP: 13/13
  2172 | D:3      | Reached skill level 6 in Stealth
  2504 | D:4      | Identified the +4 dagger of the Ass {elec, rN+}
  2572 | D:4      | Found a staircase to the Ecumenical Temple.
  2579 | D:4      | Mangled by a black bear

Illustrated notes

Levels and vault maps discovered:
D:1:      minmay_arrival_nine_rooms, layout_basic,
          hellmonk_ecumenical_altar_lost_god
D:2:      layout_basic, hex_intersection, minmay_misc_feat_tiny
D:3:      layout_loops_ring, grunt_decor_junction, dk_noncrumbling_4,
          uniq_sigmund, uniq_grinder
D:4:      layout_cave_pools, minmay_temple_entry_drinking_statues

Skill      XL: |  1  2  3  4  5  6 |
---------------+-------------------+-----
Spellcasting   | 3 4 |  4.1
Evocations     | 1 2 3 |  3.2
Fighting       | 1 2 |  2.1
Short Blades   | 2 3 |  3.1
Dodging        | 3 4 |  4.3
Stealth        | 5 6 |  6.0
Hexes          | 4 |  4.8

Action                     |  1- 3 |  4- 6 || total
---------------------------+-------+-------++-------
  Melee: Dagger            |    36 |    54 ||    90
         Punch             |       |     1 ||     1
   Cast: Ensorcelled Hiber |    11 |    23 ||    34
         Confusing Touch   |       |     1 ||     1
    Use: Scroll            |     5 |     1 ||     6
   Stab: Sleeping          |    13 |    18 ||    31
         Confused          |       |     1 ||     1
 Armour: Robe              |    11 |    22 ||    33
  Dodge: Dodged            |    28 |    46 ||    74
